 Dungeon Crawl Stone Soup version 0.19.4-12-gccf7e64 (webtiles) character file.

75 Magnus the Slasher (level 4, -2/26 HPs)
             Began as a Tengu Gladiator on Feb 26, 2017.
             Slain by a gnoll
             ... wielding a +0 halberd
              (6 damage)
             ... on level 2 of the Dungeon.
             The game lasted 00:02:55 (1688 turns).

Magnus the Slasher (Tengu Gladiator)                Turns: 1688, Time: 00:02:56

Health: -2/26      AC:  3    Str: 15    XL:     4   Next: 31%
Magic:  5/5        EV: 14    Int:  8    God:
Gold:   78         SH:  0    Dex: 16    Spells: 0 memorised, 3 levels left

rFire  . . .     SeeInvis .     a - +0 long sword
rCold  . . .     Gourm    .     b - +0 leather armour
rNeg   . . .     Faith    .     (no shield)
rPois  .         Spirit   .     c - +0 hat
rElec  .         Reflect  .     (no cloak)
rCorr  .         Harm     .     (no gloves)
MR     .....                    (boots unavailable)
Stlth  +.........               (no amulet)
                                (no ring)
                                (no ring)

@: no status effects
A: beak, talons 3
a: no special abilities


You were on level 2 of the Dungeon.
You were hungry.

You visited 1 branch of the dungeon, and saw 2 of its levels.

You collected 78 gold pieces.

Inventory:

Hand Weapons
 a - a +0 long sword (weapon)
Missiles
 d - 3 throwing nets (quivered)
Armour
 b - a +0 leather armour (worn)
 c - a +0 hat (worn)
Scrolls
 e - 2 scrolls of identify {unknown}
 g - a scroll of teleportation {unknown}
 j - a scroll of blinking {unknown}
 m - a scroll of remove curse {unknown}
Potions
 i - a potion of lignification {unknown}
 k - a potion of curing {unknown}
 l - a potion of beneficial mutation {unknown}
Comestibles
 f - 2 bread rations
 h - a slice of pizza
 n - 3 chunks of flesh
 o - a meat ration


   Skills:
 - Level 2.0 Fighting
 + Level 4.5 Long Blades
 - Level 2.0 Throwing
 + Level 4.4 Dodging


You had 3 spell levels left.
You didn't know any spells.

Dungeon Overview and Level Annotations

Branches:
Dungeon (2/15)

Altars:


Innate Abilities, Weirdness & Mutations

You have a beak for a mouth.
You have claws for feet.


Message History

Unknown command.
You hit the gnoll.
The gnoll is almost dead.
The gnoll closely misses you. The gnoll misses you.
Unknown command.
You barely miss the gnoll.
The gnoll is almost dead.
The gnoll closely misses you.
The gnoll hits you from afar with a halberd!
Ouch! That really hurt!
* * * LOW HITPOINT WARNING * * *
Some of the chunks of flesh in your inventory have rotted away.
You barely miss the gnoll. Your kick misses the gnoll. You peck the gnoll.
You kill the gnoll!
The gnoll barely misses you.
Unknown command.
There is an open door here.
You are feeling hungry.
The gnoll hits you from afar with a halberd.
You die...

############## #.#
'.......g....# #.#####
############.# #....[. #
######.######## #######
#.....g....##..
#..........##.#
#........g.##.#
#..........##.########.#
#
#.........@.....รท......#
#
#..........##.###########
#
#..........##.#.........#
#
#############.#.........#
# #.'......[..# #
#############.........#
#..................####
#.#############....#
#......>......#....####


You could see 2 gnolls.

Vanquished Creatures
  A gnoll (D:2)
  An adder (D:1)
  An ooze (D:1)
  2 worms (D:2)
  A dart slug (D:1)
  A leopard gecko (D:2)
  A giant cockroach (D:1)
  7 goblins
  10 hobgoblins
  2 jackals (D:2)
  2 quokkas (D:2)
  3 bats
  3 frilled lizards
  2 kobolds (D:1)
  2 rats
39 creatures vanquished.

Notes
Turn   | Place    | Note
-------+----------+-------------------------------------------
     0 | D:1      | Magnus the Tengu Gladiator began the quest for the Orb.
     0 | D:1      | Reached XP level 1. HP: 12/12 MP: 2/2
   140 | D:1      | Reached XP level 2. HP: 17/17 MP: 3/3
   666 | D:1      | Reached XP level 3. HP: 14/21 MP: 4/4
  1241 | D:2      | Found a faded altar of an unknown god.
  1527 | D:2      | Reached XP level 4. HP: 21/26 MP: 5/5
  1651 | D:2      | HP: 1/26 [gnoll/halberd (14)]
  1688 | D:2      | Slain by a gnoll

Skill      XL: |  1  2  3 |
---------------+----------+-----
Long Blades    | 4 |  4.5
Dodging        | 4 |  4.4
Fighting       | |  2.0
Throwing       | |  2.0

Action                   |  1- 3 |  4- 6 || total
-------------------------+-------+-------++-------
Melee: Long sword        |    71 |    11 ||    82
       Kick              |    20 |     1 ||    21
       Peck              |    11 |     3 ||    14
  Eat: Chunk             |     2 |       ||     2
Armor: Leather armour    |    12 |       ||    12
Dodge: Dodged            |    41 |     9 ||    50
       Rpst.: Long sword |    18 |     2 ||    20
